 Dungeon Crawl Stone Soup version 0.23-a0-368-g82e9058 (webtiles) character file.

2 Cryolive the Digger (level 1, -1/10 HPs)
             Began as a Gargoyle Earth Elementalist on Oct 24, 2018.
             Slain by a hobgoblin
             ... wielding a +0 club
              (6 damage)
             ... on level 1 of the Dungeon.
             The game lasted 00:00:38 (229 turns).

Cryolive the Digger (Gargoyle Earth Elementalist)    Turns: 229, Time: 00:00:38

Health: -1/10      AC:  4    Str: 11    XL:     1   Next: 30%
Magic:  3/3        EV: 12    Int: 15    God:
Gold:   18         SH:  0    Dex: 10    Spells: 3/4 levels left

rFire    . . .     SeeInvis .   a - +0 dagger
rCold    . . .     Gourm    .   (no shield)
rNeg     + . .     Faith    .   c - +0 robe
rPois    ∞         Spirit   .   (no helmet)
rElec    +         Reflect  .   (no cloak)
rCorr    .         Harm     .   (no gloves)
MR       .....                  (no boots)
Stlth    ++........             (no amulet)
HPRegen  0.03/turn              (no ring)
MPRegen  0.08/turn              (no ring)

@: no status effects
A: negative energy resistance 1, electricity resistance, unbreathing,
petrification resistance, rot immunity, AC +2
a: no special abilities


You were on level 1 of the Dungeon.
You were not hungry.

You visited 1 branch of the dungeon, and saw 1 of its levels.

You collected 18 gold pieces.

Inventory:

Hand Weapons
 a - a +0 dagger (weapon)
Missiles
 b - 30 stones (quivered)
Armour
 c - a +0 robe (worn)
Scrolls
 f - a scroll of remove curse {unknown}
Potions
 e - a potion of degeneration {unknown}
Comestibles
 d - a ration


   Skills:
 - Level 1.5 Dodging
 - Level 2.1 Stealth
 + Level 2.0 Spellcasting
   Level 0.7 Transmutations
 + Level 3.7 Earth Magic


You had 3 spell levels left.
You knew the following spells:

 Your Spells              Type           Power        Failure   Level  Hunger
a - Sandblast             Erth           ##....       4%          1    #......

Your spell library contained the following spells:

 Spells                   Type           Power        Failure   Level  Hunger
 Passwall                 Tmut/Erth      #.......     13%         2    ###....
 Stone Arrow              Conj/Erth      #.....       30%         3    ###....
 Petrify                  Tmut/Erth      #.......     65%         4    #####..
 Lee's Rapid Deconstruct  Erth           ##........   78%         5    ######.


Dungeon Overview and Level Annotations

Branches:
Dungeon (1/15)

Altars:


Innate Abilities, Weirdness & Mutations

You are resistant to torment.
Your stone body is resilient. (AC +2)
You are immune to poison.
You resist negative energy. (rN+)
You are resistant to electric shocks. (rElec)
You can survive without breathing.
You are immune to petrification.
You are immune to rotting.


Message History

A hobgoblin comes inta view.
It be wieldin' a +0 club.
Tha hobgoblin shouts!
Ye hear an angry hiss.
Found 19 arrows.
Tha hobgoblin hits ye wit' a +0 club.
Ye hit tha hobgoblin but do nay damage.
Tha hobgoblin barely misses ye.
Ye hit tha hobgoblin.
Tha hobgoblin be moderately wounded.
Tha hobgoblin barely misses ye.
Ye hit tha hobgoblin but do nay damage.
Tha hobgoblin be moderately wounded.
A frilled lizard comes inta view.
Tha hobgoblin hits ye but does nay damage.
Ye hit tha hobgoblin but do nay damage.
Tha hobgoblin be moderately wounded.
Ye barely miss tha hobgoblin.
Tha hobgoblin be moderately wounded.
Tha hobgoblin barely misses ye.
Ye hit tha hobgoblin but do nay damage.
Tha hobgoblin hits ye wit' a +0 club.
Ouch! Tha re'lly hurt!
Ye die...

###### ....#
#.#.#
..###.#.#####
............#
#
.###.#.###.#
#...###.#.#
#.#
..(.l.g@..#
#.#
##.########
#.# #.#####
#.....#
#.###.# # #.#
#.# .#
#.###.# .#
##.....# #.
#....###


You could see a hobgoblin and a frilled lizard.

Vanquished Creatures
  A giant cockroach (D:1)
  A kobold (D:1)
2 creatures vanquished.

Notes
Turn   | Place    | Note
-------+----------+-------------------------------------------
     0 | D:1      | Cryolive the Gargoyle Earth Elementalist began the quest
                  | for the Orb.
     0 | D:1      | Reached XP level 1. HP: 10/10 MP: 3/3
   229 | D:1      | Slain by a hobgoblin

Vault maps used:
D:1:      doesnt_arrival_eight_statues

Action                   || total
-------------------------++-------
Melee: Unarmed           ||    30
       Dagger            ||     6
Armor: Robe              ||     8
Dodge: Dodged            ||    19

Table legend:
 A = Non-vault XP
 B = Vault XP
 C = Vault XP percentage of total XP
 D = Non-vault monster count
 E = Vault monster count
 F = Vault count percentage of total count
                 A         B        C        D         E       F
            +---------+---------+-------+---------+---------+-------
      Total |       3 |       0 |   0.0 |       2 |       0 |   0.0
            +---------+---------+-------+---------+---------+-------
        D:1 |       3 |       0 |   0.0 |       2 |       0 |   0.0
            +---------+---------+-------+---------+---------+-------
